Unix NetHack Version 5.0.0-0 post-release - last build Jun 10 2026 00:39:30 (3ee93aec679c4c4259841fe613dc97188e26a321,branch:main).

Game began 2026-06-24 18:52:14, ended 2026-06-24 19:13:15.

Ch3Begorrah, chaotic male human Rogue

                                                                    ?
 ---------     --------           #-----
 |.......|     |......|           #|...|
 |.......|     |......|           #-[...#
 |........#####-......-########0 ##|...|#
 |.......|    #|....%.|           #-----#
 -------.-#####------|-           #0    ##
        # #   ##    ################     #
   ###### #          #            #      #
   #      #          #                   #      $
   #      #  $    ####                   #                    $
   #    ###       #            *         #
  -.---##        ##                      #
  |...|#       --.--                     #     [
  |...|#  #####....|       --------      #
  |...-#  #    |...-####   |......|      #@#
  |...|        |...|   ####.....>..        u....        $
  |...|        -----       |......|          ----
  -----                    |......|       $
                           --------

Ch3Begorrah the Rogue   St:18 Dx:18 Co:14 In:9 Wi:12 Ch:7  Chaotic
Dlvl:7  $:159 HP:0(47) Pw:16(16) AC:3  Xp:6 T:2082 

Latest messages:
 $ - 90 gold pieces (159 in total).
 G - a wand of create monster.
 There are several more objects here.
 I - a hooded cloak.
 What do you want to wear? [I or ?*] I
 You are now wearing a hooded cloak.
 R - 2 +1 daggers (8 in total).
 R - 3 +1 daggers (11 in total).
 You have a little trouble lifting a pair of hard shoes.  Continue? [ynq] (q) y
 You have a little trouble lifting L - a pair of hard shoes.
 Your movements are slowed slightly because of your load.
 What do you want to wear? [*] L
 You are already wearing boots.
 What do you want to drop? [$c-hj-vx-zA-EG-LQRTVWYZ or ?*] L
 You drop a pair of hard shoes.
 Your movements are now unencumbered.
 You have a little trouble lifting a +1 dagger.  Continue? [ynq] (q) y
 You have a little trouble lifting R - a +1 dagger (12 in total).
 Your movements are slowed slightly because of your load.
 The 'g' prefix should be followed by a movement command.
 What do you want to drink? [dklBW or ?*] ?
 You detect the presence of objects.
 (For instructions type a '?')
 Your movements are now unencumbered.
 You are beginning to feel hungry.
 What do you want to eat? [ADEVZ or ?*] ?
 This food really hits the spot!
 You stop eating the food ration.
 You hit the kobold mummy!
 You have no ammunition readied.
 What do you want to fire? [$rR or ?*] <esc>
 Never mind.
 What do you want to ready? [$rR or ?*] ?
 You are wielding 12 daggers.  Ready 11 of them? [ynq] (q) y
 M - 11 +1 daggers (at the ready).
 In what direction? l
 You destroy the kobold mummy!
 M - a +1 dagger (at the ready) (11 in total).
 The gray unicorn misses!
 The gray unicorn kicks!
 The gray unicorn butts!
 The gray unicorn kicks!
 In what direction? n
 The dagger hits the gray unicorn!
 The gray unicorn butts!
 The gray unicorn kicks!
 The gray unicorn butts!
 The gray unicorn kicks!
 You die...
 Do you want your possessions identified? [ynq] (y) q

Inventory:
 Coins    ('$')
  $ - 159 gold pieces
 Weapons  (')')
  r - 9 +2 darts
  M - 10 +1 daggers (at the ready)
  R - a +1 dagger (weapon in right hand)
 Armor    ('[')
  m - an uncursed +0 orcish helm (being worn)
  p - an uncursed +2 pair of kicking boots (being worn)
  z - a cursed -1 pair of levitation boots
  I - an uncursed +0 dwarvish cloak (being worn)
  c - an uncursed +1 leather armor (being worn)
 Comestibles  ('%')
  Z - an uncursed cream pie
  E - an uncursed partly eaten food ration
  V - an uncursed lembas wafer
  A - an uncursed tripe ration
  D - an uncursed lizard corpse
 Scrolls  ('?')
  x - an uncursed scroll of amnesia
  j - an uncursed scroll of confuse monster
  y - an uncursed scroll of fire
  J - an uncursed scroll of food detection
  H - an uncursed scroll of gold detection
  t - 2 uncursed scrolls of identify
  v - an uncursed scroll of remove curse
  K - an uncursed scroll of remove curse
  u - 2 uncursed scrolls of teleportation
 Spellbooks  ('+')
  Q - an uncursed novel named Making Money
  o - an uncursed spellbook of charm monster
  s - an uncursed spellbook of identify
 Potions  ('!')
  k - 4 uncursed potions of healing
  l - 3 cursed potions of healing
  d - an uncursed potion of sickness
  B - a potion of holy water
 Rings    ('=')
  Y - a blessed +2 ring of gain strength named ok (on left hand)
 Wands    ('/')
  G - a wand of create monster (0:12)
  C - a wand of make invisible (0:6)
  T - a wand of probing (0:5)
 Tools    ('(')
  f - an empty uncursed sack
  g - an uncursed blindfold
  h - an uncursed blindfold named ok
  e - an uncursed lock pick
  n - an uncursed tallow candle
 Gems/Stones  ('*')
  q - an uncursed worthless piece of white glass

Ch3Begorrah the Rogue's attributes:

Background:
 You were a Rogue, level 6 male human.
 You were chaotic, nominally on a mission for Kos
 who was opposed by Issek (lawful) and Mog (neutral).
 You were right-handed.
 You were in the Dungeons of Doom, on level 7.
 You entered the dungeon 2082 turns ago.
 You had 349 experience points, 291 more were needed to attain level 7.

Basics:
 You had 0 out of 47 hit points.
 You had all 16 energy points (spell power).
 Your armor class was 3.
 Your wallet contained 159 zorkmids.
 Autopickup was on for '$!/(' plus thrown, with exceptions.

Final Characteristics:
 Your strength was 18 (base:16, limit:18/100).
 Your dexterity was 18 (limit:18).
 Your constitution was 14 (limit:18).
 Your intelligence was 9 (limit:18).
 Your wisdom was 12 (limit:18).
 Your charisma was 7 (limit:18).

Final Status:
 You weren't hungry.
 You were unencumbered.
 You were wielding a dagger.
 You were skilled in dagger.

Final Attributes:
 You were piously aligned.
 Your items were somewhat protected from fire.
 Your items were somewhat protected from cold.
 You were stealthy.
 You were warded.
 You are dead.

Miscellaneous:
 You didn't encounter any bones levels.
 Total elapsed playing time was 21 minutes.

Major events:
 Turn
    1: Ch3Begorrah the chaotic male human Rogue entered the dungeon
  791: attained the rank of Cutpurse (level 3)
  882: read a Discworld novel
 2047: attained the rank of Rogue (level 6)
 2082: killed by a gray unicorn

You didn't know any spells.

Skills:
 Fighting Skills
   bare handed combat [Unskilled]
   two weapon combat  [Unskilled]
   riding             [Unskilled]
 Weapon Skills
   dagger             [Skilled]
   knife              [Unskilled]
   short sword        [Basic]
   broadsword         [Unskilled]
   long sword         [Unskilled]
   two-handed sword   [Unskilled]
   saber              [Unskilled]
   club               [Unskilled]
   mace               [Unskilled]
   morning star       [Unskilled]
   flail              [Unskilled]
   hammer             [Unskilled]
   polearms           [Unskilled]
   spear              [Unskilled]
   crossbow           [Unskilled]
   dart               [Unskilled]
   shuriken           [Unskilled]
 Spellcasting Skills
   divination spells  [Unskilled]
   escape spells      [Unskilled]
   matter spells      [Unskilled]

Voluntary challenges:
 Character rerolling was not enabled.
 You followed a strict vegan diet.
 You were an atheist.
 You never genocided any monsters.
 You never polymorphed an object.
 You never changed form.
 You used no wishes.
Achievements:
 You entered a shop.
 You attained the rank of Cutpurse.
 You read from a Discworld novel.
 You attained the rank of Rogue.

 The Dungeons of Doom: levels 1 to 9
    Level 1:
    Level 2:
       A scroll shop, an altar, a fountain.
    Level 3:
       A grave.
    Level 4:
       A fountain.
    Level 5:
    Level 7: <- You were here.
       Final resting place for
          you, killed by a gray unicorn.
    Level 8:
    Level 9:


Vanquished creatures:
  3 small mimics
 an orc mummy
  a lizard
  a raven
  a kobold mummy
  a floating eye
  a dwarf
  a rabid rat
  a monkey
  a hobbit
  a manes
  4 giant rats
  3 gnomes
  3 geckos
  2 jackals
  2 kobolds
  3 goblins
  3 sewer rats
  2 grid bugs
  2 kobold zombies
  a newt
38 creatures vanquished.

No species were genocided or became extinct.

Game over:
                       ----------
                      /          \
                     /    REST    \
                    /      IN      \
                   /     PEACE      \
                  /                  \
                  |   Ch3Begorrah    |
                  |      159 Au      |
                  | killed by a gray |
                  |     unicorn      |
                  |                  |
                  |                  |
                  |       2026       |
                 *|     *  *  *      | *
        _________)/\\_//(\/(/\)/\//\/|_)_______

Goodbye Ch3Begorrah the Rogue...

You died in The Dungeons of Doom on dungeon level 7 with 1970 points,
and 159 pieces of gold, after 2082 moves.
You were level 6 with a maximum of 47 hit points when you died.

